Map: [ESL] Data-C

Players

Solar - Winner!

  • Race: Zerg Zerg
  • League: Master
  • Spawn Location: 9:00

Astrea

  • Race: Protoss Protoss
  • League: Grandmaster
  • Spawn Location: 3:00

Event: TSL 9

VOD

Have the link to the VOD?

Description

Time

  • Played on: Aug. 15, 2022, 7:57 a.m.
  • Length: 10:20

All games in this series

Show
View Real Time Build Order
Export as new Build Order

Solar Zerg - Winner!

Build Orders: Hatch First 

Get SALT Encoding   

  12  0:00  Drone  
  13  0:12  Overlord  
  13  0:17  Drone  
  14  0:31  Drone x2  
  16  0:49  Hatchery  
  15  0:52  Drone  
  15  0:56  Drone  
  17  0:59  Drone  
  18  1:11  Extractor  
  17  1:15  Spawning Pool  
  17  1:18  Drone  
  17  1:23  Drone  
  18  1:29  Drone  
  19  1:39  Drone  
  20  1:49  Overlord  
  20  2:02  Queen x2  
  20  2:03  Zergling x4  
  26  2:11  Drone x2  
  26  2:15  Metabolic Boost  
  28  2:21  Drone  
  28  2:22  Drone  
  30  2:38  Hatchery  
  30  2:40  Zergling x2  
  30  2:47  Queen  
  32  2:52  Overlord  
  32  2:55  Drone  
  32  2:56  Drone  
  34  3:01  Drone  
  34  3:04  Drone  
  36  3:11  Drone  
  36  3:12  Drone x3  
  40  3:14  Drone  
  40  3:16  Spore Crawler  
  40  3:19  Queen  
  42  3:24  Overlord  
  42  3:26  Drone  
  43  3:32  Spore Crawler, Drone  
  43  3:42  Queen, Overlord  
  45  3:50  Drone x3  
  45  3:51  Drone x3  
  50  3:56  Queen  
  50  4:00  Spore Crawler, Drone  
  50  4:02  Drone  
  53  4:04  Drone  
  54  4:10  Drone x2  
  54  4:11  Zergling x6  
  54  4:14  Zergling x2  
  60  4:21  Overlord  
  60  4:22  Drone x4  
  64  4:26  Zergling x4  
  64  4:28  Overlord  
  64  4:32  Drone  
  64  4:35  Drone  
  64  4:37  Overlord  
  66  4:40  Drone  
  66  4:45  Drone x2  
  69  4:46  Lair  
  69  4:47  Drone x3  
  69  4:51  Roach Warren  
  69  4:52  Extractor  
  70  4:53  Drone  
  70  4:54  Extractor  
  70  4:55  Drone x2  
  70  4:56  Drone  
  70  4:59  Drone x2  
  75  5:03  Drone x3  
  75  5:05  Overlord  
  77  5:07  Drone  
  77  5:09  Extractor  
  77  5:10  Drone, Extractor  
  77  5:12  Extractor  
  76  5:15  Drone x4  
  80  5:23  Drone x5  
  80  5:25  Drone x3  
  88  5:31  Hatchery  
  88  5:33  Overlord  
  87  5:37  Drone  
  87  5:38  Drone  
  89  5:43  Evolution Chamber  
  89  5:44  Glial Reconstitution  
  89  5:45  Overseer  
  89  5:46  Roach x3  
  89  5:47  Roach  
  96  5:55  Roach x2  
  96  5:56  Drone, Spire  
  100  6:00  Drone, Extractor  
  100  6:01  Extractor  
  100  6:02  Overlord  
  100  6:03  Overlord  
  101  6:04  Roach  
  101  6:05  Roach  
  101  6:06  Overseer  
  101  6:08  Roach  
  101  6:11  Overlord  
  105  6:14  Overlord  
  105  6:15  Overlord  
  104  6:20  Overlord  
  104  6:22  Roach x2  
  104  6:25  Roach x2  
  112  6:29  Drone x2  
  112  6:30  Drone  
  112  6:31  Zergling x8  
  119  6:36  Roach  
  119  6:37  Roach x2  
  119  6:39  Roach  
  127  6:41  Roach  
  127  6:43  Roach  
  131  6:48  Roach x2  
  131  6:49  Roach  
  131  6:50  Zergling x4  
  139  6:56  Overlord  
  138  7:12  Mutalisk  
  138  7:13  Mutalisk x7  
  154  7:16  Mutalisk  
  154  7:21  Mutalisk  
  155  7:23  Drone x5  
  158  7:31  Zergling x2  
  158  7:32  Zergling x4  
  158  7:34  Hatchery, Zerg Melee Weapons Level 1  
  158  7:35  Zerg Flyer Weapons Level 1  
  158  7:36  Overlord  
  157  7:38  Overseer  
  157  7:40  Overlord  
  157  7:42  Overlord  
  157  7:44  Overlord  
  157  7:46  Overlord  
  157  7:48  Overlord  
  157  7:57  Drone, Mutalisk  
  159  7:59  Mutalisk x4, Overlord  
  167  8:05  Mutalisk x2  
  167  8:11  Mutalisk x2  
  171  8:14  Zergling x12  
  175  8:21  Drone x3  
  175  8:23  Mutalisk x2  
  182  8:27  Extractor  
  182  8:29  Mutalisk  
  182  8:30  Zergling x8  
  182  8:31  Zergling x4, Extractor  
  188  8:39  Mutalisk x2  
  192  8:42  Zergling x6  
  195  8:50  Zergling x8  
  197  8:58  Mutalisk x2  
  178  9:13  Mutalisk x6  
  178  9:15  Zergling x10  
  178  9:16  Zergling x6  
  186  9:19  Mutalisk x2  
  188  9:27  Mutalisk x2  
  188  9:29  Zergling x22  
  197  9:34  Overlord  
  197  9:35  Overlord  
  197  9:36  Overlord  
  197  9:48  Mutalisk  
  197  9:54  Zergling x8  
  199  10:02  Baneling Nest  
  198  10:14  Hatchery  
Show
View Real Time Build Order
Export as new Build Order

Astrea Protoss 

Build Orders: 1 Gate Expand, Oracle Opening, Archon Immortal, Archon Drop 

Get SALT Encoding   

  12  0:00  Probe  
  13  0:12  Probe  
  14  0:19  Pylon  
  14  0:24  Probe  
  15  0:37  Probe (Chrono Boost)  
  15  0:39  Gateway  
  16  0:46  Probe (Chrono Boost)  
  17  0:50  Assimilator  
  17  0:54  Probe  
  18  1:06  Probe  
  19  1:18  Probe  
  20  1:27  Nexus  
  20  1:30  Probe  
  21  1:40  Cybernetics Core  
  21  1:46  Assimilator  
  21  1:49  Probe  
  22  1:54  Pylon  
  22  2:01  Probe (Chrono Boost)  
  23  2:13  Adept (Chrono Boost), Probe (Chrono Boost)  
  24  2:21  Probe (Chrono Boost)  
  27  2:24  Stargate  
  27  2:27  Probe  
  28  2:33  Warp Gate  
  28  2:37  Adept  
  28  2:40  Probe (Chrono Boost)  
  28  2:44  Probe (Chrono Boost)  
  32  2:51  Probe (Chrono Boost)  
  33  2:54  Probe (Chrono Boost)  
  33  2:55  Probe (Chrono Boost)  
  35  3:03  Probe  
  36  3:06  Probe  
  36  3:08  Oracle (Chrono Boost)  
  40  3:15  Probe  
  40  3:18  Probe  
  42  3:20  Pylon  
  42  3:28  Probe  
  42  3:30  Probe  
  42  3:33  Gateway  
  44  3:40  Probe  
  49  3:42  Void Ray (Chrono Boost)  
  49  3:43  Probe  
  50  3:52  Probe  
  50  3:53  Nexus  
  51  3:56  Pylon  
  51  3:59  Probe  
  52  4:05  Assimilator  
  52  4:06  Probe  
  52  4:09  Assimilator  
  53  4:11  Probe (Chrono Boost)  
  53  4:16  Forge  
  53  4:17  Twilight Council  
  54  4:23  Probe (Chrono Boost)  
  56  4:26  Probe (Chrono Boost)  
  56  4:30  Probe (Chrono Boost)  
  57  4:34  Probe (Chrono Boost)  
  57  4:35  Robotics Facility  
  57  4:37  Probe  
  55  4:43  Protoss Ground Weapons Level 1 (Chrono Boost), Gateway x2  
  57  4:48  Probe (Chrono Boost)  
  57  4:51  Probe (Chrono Boost)  
  58  4:57  Pylon  
  59  5:01  Probe x2 (Chrono Boost)  
  59  5:05  Probe (Chrono Boost)  
  61  5:10  Probe (Chrono Boost)  
  61  5:12  Probe (Chrono Boost)  
  61  5:13  Templar Archives  
  63  5:17  Probe (Chrono Boost), Assimilator  
  63  5:19  Assimilator  
  65  5:22  Observer (Chrono Boost)  
  65  5:24  Probe (Chrono Boost)  
  65  5:25  Probe x2 (Chrono Boost)  
  65  5:27  Gateway x2  
  68  5:30  Gateway  
  68  5:31  Gateway, Probe  
  68  5:32  Probe  
  68  5:33  Probe  
  71  5:42  Warp Prism (Chrono Boost)  
  73  5:44  Probe x2  
  73  5:45  Probe  
  73  5:48  Pylon  
  76  5:50  High Templar x3  
  76  5:53  High Templar  
  76  5:54  Archon  
  76  5:56  Probe  
  85  5:58  Photon Cannon  
  85  5:59  Archon  
  85  6:04  Pylon  
  85  6:06  Probe  
  85  6:10  Pylon  
  86  6:13  Probe  
  87  6:19  Immortal  
  87  6:20  Pylon  
  87  6:24  Nexus  
  91  6:33  High Templar x2  
  91  6:34  Zealot x4  
  91  6:35  Protoss Ground Weapons Level 2 (Chrono Boost)  
  91  6:37  Archon  
  91  6:39  Zealot x2  
  107  6:45  Pylon  
  107  6:47  Probe x3  
  107  6:48  Pylon  
  107  6:53  Charge  
  110  6:59  Probe x2  
  111  7:02  Phoenix  
  111  7:04  Stalker  
  111  7:06  Probe  
  116  7:09  Immortal (Chrono Boost)  
  120  7:21  Zealot x7  
  124  7:23  Probe  
  124  7:27  Phoenix (Chrono Boost)  
  124  7:28  Psionic Storm  
  123  7:36  Probe x3  
  122  7:38  Immortal (Chrono Boost)  
  126  7:46  Shield Battery  
  126  7:47  Probe  
  126  7:50  Phoenix (Chrono Boost)  
  127  7:51  High Templar x2  
  127  7:53  Photon Cannon  
  127  7:54  Probe  
  134  8:04  Stalker x5  
  143  8:18  Pylon  
  143  8:19  Pylon  
  143  8:25  Photon Cannon  
  143  8:27  Photon Cannon  
  143  8:28  Photon Cannon  
  143  8:31  Immortal  
  143  8:32  Probe  
  140  8:34  Phoenix (Chrono Boost), Assimilator x2  
  140  8:36  Probe x2  
  146  8:42  Probe  
  146  8:44  Probe  
  146  8:46  Zealot, High Templar x3  
  156  8:54  Probe  
  156  8:56  Photon Cannon  
  156  9:00  Shield Battery  
  156  9:01  Pylon  
  156  9:04  Phoenix (Chrono Boost)  
  144  9:12  Probe  
  140  9:21  Phoenix (Chrono Boost)  
  141  9:27  Stalker x8  
  149  9:45  Probe x2  
  147  9:58  Probe x2  
  149  10:03  Zealot x3, Photon Cannon, High Templar x4  
  149  10:04  Photon Cannon  
  159  10:08  Shield Battery  
Tags
 
Add a new tag
Caveats
  • Supply blocks, unpowered buildings, or Contaminate may cause inaccurate times.
  • Supply counts are checked every 10 seconds.